 Seeded DCSS version 0.31-a0-978-g1e143483b6 (webtiles) character file.

Game seed: 8018186927794829781 (custom seed)

22 timneilson the Ruffian (level 2, 0/18 HPs)
             Began as an Octopode Shapeshifter on Oct 30, 2023.
             Slain by Terence
             ... wielding a +0 hand axe
              (7 damage)
             ... on level 2 of the Dungeon.
             The game lasted 00:01:12 (455 turns).

timneilson the Ruffian (Octopode Shapeshifter)       Turns: 455, Time: 00:01:13

Health: 0/18       AC:  1    Str: 13    XL:     2   Next: 91%
Magic:  2/2        EV: 13    Int: 12    God:
Gold:   58         SH:  0    Dex: 11    Spells: 1/1 levels left

rFire   . .          .
                       - Unarmed
rCold   . . .        (no shield)
rNeg    . . .        (helmet currently unavailable)
rPois   .            (no amulet)
rElec   .            (no ring)
rCorr   .            (no ring)
SInv    .            (no ring)
Will    .....        (no ring)
Stlth   ++           (no ring)
HPRegen 0.23/turn    (no ring)
MPRegen 0.08/turn    (no ring)
                     (no ring)

%: no passive effects
@: beast-form
A: beast (slay +1), almost no armour, amphibious, 8 rings, camouflage 1,
gelatinous body 1, (nimble swimmer 1), tentacles
a: Begin Untransformation


You were on level 2 of the Dungeon.
You were a hulking beast.
You visited 1 branch of the dungeon, and saw 2 of its levels.

You collected 58 gold pieces.

Inventory:

Missiles
 e - 2 throwing nets
Talismans
 b - a beast talisman
 c - a flux talisman
Potions
 a - a potion of lignification
 f - a potion of enlightenment
 j - a potion of berserk rage
 k - a potion of haste {unknown}


   Skills:
 * Level 1.5 Fighting
 * Level 2.2 Dodging
 + Level 1.0 Stealth
 * Level 3.1 Unarmed Combat
 + Level 0.3 Spellcasting
 * Level 3.1 Shapeshifting


You had one spell level left.
You didn't know any spells.
Your spell library was empty.

Dungeon Overview and Level Annotations

Branches:
Dungeon (2/15)

Altars:

Annotations:
D:2 Terence


Innate Abilities, Weirdness & Mutations

You are a hulking beast.
Your limbs bulge with bestial killing power. (Slay +1)
You cannot wear most types of armour.
You are amphibious.
You can wear up to eight rings at the same time.
Your skin changes colour to match your surroundings (Stealth+).
Your rubbery body absorbs attacks. (AC +1, EV +1)
((You are camouflaged when in or above water. (Stealth+)))
You have tentacles for arms and can constrict up to eight enemies at once.


Message History

As you read the scroll labelled DEKKITHRETAV, it crumbles to dust.
You feel momentarily disoriented.
It was a scroll of revelation.
As you read the scroll labelled GEHEFOCK ARUI, it crumbles to dust.
You feel strangely unstable.
It was a scroll of teleportation.
As you read the scroll labelled JIYL AN TIHU, it crumbles to dust.
You hear a loud clanging noise!
It was a scroll of noise.
As you read the scroll labelled NYCHAE ELONGENT, it crumbles to dust.
It is a scroll of identify.
f - a potion of enlightenment
As you read the scroll of identify, it crumbles to dust.
j - a potion of berserk rage Your surroundings suddenly seem different.
You can't go down here!
There is a stone staircase leading down here.
You climb downwards.
There is a stone staircase leading up here.
Terence the Incautious comes into view.
He is wielding a +0 hand axe.
Found a scroll labelled NIEPAI UMILIE.
Terence hits you with a +0 hand axe.
You tentacle-slap Terence. Your grab misses Terence.
Your squeeze misses Terence.
Terence is lightly wounded.
You tentacle-slap Terence but do no damage.
Your grab misses Terence.
Terence is lightly wounded.
Terence hits you with a +0 hand axe.
You tentacle-slap Terence but do no damage.
You grab Terence.
Terence is lightly wounded.
You constrict Terence, but do no damage.
Terence hits you with a +0 hand axe.
You tentacle-slap Terence but do no damage.
Terence is lightly wounded.
You constrict Terence. Terence closely misses you.
You tentacle-slap Terence. You squeeze Terence!
Terence is almost dead.
You constrict Terence, but do no damage.
Terence hits you with a +0 hand axe!
You die...

..# # #..# #.
####..# #..
..#..#
#...##.#..# #
#....@....#.#
##..##h#.##.#
.............#
#..#..#.#..#####
..............#
#.....#....###.#
....###...## #<#
.... #.... #.#
... ##..# #.#
#..# #.#


You could see Terence.

Vanquished Creatures
  3 bats (D:1)
  2 endoplasms (D:1)
  5 goblins (D:1)
  5 hobgoblins (D:1)
  A kobold (D:1)
  2 ball pythons (D:1)
  A frilled lizard (D:1)
  A rat (D:1)
20 creatures vanquished.

Notes
Turn   | Place    | Note
-------+----------+-------------------------------------------
     0 | D:1      | timneilson the Octopode Shapeshifter began the quest for
                  | the Orb.
     0 | D:1      | Reached XP level 1. HP: 13/13 MP: 1/1
    68 | D:1      | Found a faded altar of an unknown god.
   100 | D:1      | Reached XP level 2. HP: 18/18 MP: 2/2
   296 | D:1      | Reached skill level 1 in Stealth
   445 | D:2      | Noticed Terence
   455 | D:2      | Slain by Terence

Illustrated notes

Levels and vault maps discovered:
D:1:      ebering_trefoil_3fold, layout_rooms, ebering_ecumenical_altar_hall,
          nicolae_concentric_dashed_squares_mild
D:2:      layout_basic, uniq_natasha, uniq_terence

Skill      XL: |  1  2 |
---------------+-------+-----
Stealth        | 1 |  1.0
Fighting       | |  1.5
Dodging        | |  2.2
Unarmed Combat | |  3.1
Spellcasting   | |  0.3
Shapeshifting  | |  3.1

Action                     || total
---------------------------++-------
  Melee: Unarmed           ||    35
         Constrict         ||     9
         Tentacles         ||     2
    Use: Scroll            ||     5
   Stab: Sleeping          ||     2
         Distracted        ||     1
 Armour: Skin              ||    14
  Dodge: Dodged            ||    14

Table legend: (Time is in decaauts)
 A = Elapsed time spent in this place.
 B = Non-inter-level travel time spent in this place.
 C = Inter-level travel time spent in this place.
 D = Time resting spent in this place.
 E = Time spent auto-exploring this place.
 F = Levels seen in this place.
 G = Mean time per level.
                   A        B        C        D        E       F      G
               +--------+--------+--------+--------+--------+-----+--------+
         Total |    453 |    440 |     13 |      0 |    291 |   2 |  226.5 |
       Dungeon |    453 |    440 |     13 |      0 |    291 |   2 |  226.5 |
               +--------+--------+--------+--------+--------+-----+--------+

Top non-repeatable levels by time:
     D:1: 439 daAuts
     D:2: 13 daAuts
